 Dungeon Crawl Stone Soup version 0.29.0-4-gdea44cf6ec (webtiles) character file.

Game seed: 9601935653589844540

96 qw the Chopper (level 4, -1/28 HPs)
             Began as a Gargoyle Fighter on Sept 4, 2022.
             Slain by a lemure (4 damage)
             ... led by Pikel
             ... on level 4 of the Dungeon.
             The game lasted 00:01:51 (3494 turns).

qw the Chopper (Gargoyle Fighter)                   Turns: 3494, Time: 00:01:52

Health: -1/28      AC: 12    Str: 21    XL:     4   Next: 67%
Magic:  4/4        EV:  9    Int:  9    God:
Gold:   169        SH:  4    Dex:  9    Spells: 3/3 levels left

rFire   . . .      SeeInvis .   Y - +1 war axe (vorpal)
rCold   . . .      Faith    .   c - +0 buckler
rNeg    + . .      Spirit   .   b - +0 scale mail
rPois   inf        Reflect  .   (no helmet)
rElec   +          Harm     .   j - +0 cloak
rCorr   .          Rampage  .   g - +0 pair of gloves
Will    .....                   (no boots)
Stlth   ..........              (no amulet)
HPRegen 0.09/turn               (no ring)
MPRegen 0.09/turn               (no ring)

@: no status effects
A: sickness immunity, AC +3, negative energy resistance 1, electricity
resistance, torment resistance 1, petrification resistance
a: no special abilities


You were on level 4 of the Dungeon.
You visited 1 branch of the dungeon, and saw 4 of its levels.

You collected 273 gold pieces.
You spent 104 gold pieces at shops.


Innate Abilities, Weirdness & Mutations

You are immune to sickness and miasma.
Your stone body is resilient. (AC +3)
You are immune to poison.
You resist negative energy. (rN+)
You are resistant to electric shocks. (rElec)
You are resistant to unholy torment.
You are immune to petrification.


   Skills:
 - Level 3.2 Fighting
 + Level 4.3 Axes
 - Level 3.2 Armour
 - Level 3.2 Shields


You had 3 spell levels left.
You didn't know any spells.
Your spell library was empty.

Inventory:

Hand Weapons
 h - a +0 club
 Y - a +1 vorpal war axe (weapon)
Armour
 b - a +0 scale mail (worn)
 c - a +0 buckler (worn)
 g - a +0 pair of gloves (worn)
 j - a +0 cloak (worn)
 o - a +0 chain mail
 q - a +0 pair of boots
Jewellery
 e - a ring of see invisible
Scrolls
 f - 4 scrolls of teleportation
 m - 2 scrolls of identify
 p - 2 scrolls of immolation {unknown}
Potions
 a - a potion of resistance
 d - 2 potions of might
 i - a potion of mutation {unknown}
 k - 2 potions of curing
 l - a potion of attraction {unknown}
 n - a potion of heal wounds {unknown}

Dungeon Overview and Level Annotations

Branches:
Dungeon (4/15)
 Temple: D:4-7

Altars:

Shops:
D:2 ?*

Annotations:
D:4 2 transporters, Pikel; qw's ghost, amateur BaCK


Message History

The lemure shouts! x2; You hear a shout! x2
A lemure comes into view.
Pikel, Merchant of Souls comes into view.
He is wielding a +2 whip of freezing.
A lemure comes into view.
A kobold comes into view. It is wielding a +0 short sword.
3488 ||| Stepping ~*~*~tactically~*~*~ (stealth).
The lemure attacks as you move away! The lemure closely misses you.
You slash the lemure!
The lemure is moderately wounded.
You miss the lemure. The lemure hits you!
The lemure hits you but does no damage.
You barely miss the lemure.
The lemure is moderately wounded.
You slash the lemure! You barely miss the lemure. The lemure barely misses you.
The lemure hits you but does no damage. x2
The lemure hits you. x2; You block the lemure's attack.
The kobold shouts!
You hit the lemure.
The lemure is moderately wounded.
You closely miss the lemure. You hit the lemure but do no damage.
The lemure hits you.
You closely miss the lemure.
The lemure is moderately wounded.
You hit Pikel. You barely miss the lemure. The lemure hits you.
You block the lemure's attack.
You barely miss the lemure.
The lemure is moderately wounded.
You barely miss the lemure. You hit Pikel but do no damage.
You hit the lemure but do no damage. You block Pikel's attack.
The lemure barely misses you. The lemure hits you.
The lemure closely misses you. The lemure misses you.
The lemure barely misses you. Pikel closely misses you.
You hit the lemure.
The lemure is heavily wounded.
You closely miss the lemure. x2; You barely miss the lemure.
You barely miss Pikel.
Pikel cracks his whip.
Pikel hits you with a +2 whip of freezing.
Pikel freezes you. The lemure hits you but does no damage. The lemure hits you.
You die...

#..# #.......).....#.
K...####....(.........#
.....................# .
...................## ..
##..?.......####.[...
...#......#...## ##....
.......K.###..# #....
#.....5K5###.## #...#
#....5@5.##..# ##..##
....###.......#####..###
.. #########........#
####..#.(. ##.####
#.#### #####.#.##
#.....#... #........#


You could see Pikel, 4 lemures and a kobold.

Vanquished Creatures
  An iguana (D:4)
  3 dart slugs
  5 orcs
  3 bats
  5 endoplasms
  2 giant cockroaches
  3 goblins (D:2)
  2 hobgoblins
  3 jackals (D:3)
  4 quokkas
  8 ball pythons
  5 frilled lizards
  7 kobolds
  5 rats
56 creatures vanquished.

Vanquished Creatures (others)
  7 plants
7 creatures vanquished.

Grand Total: 63 creatures vanquished

Notes
Turn   | Place    | Note
-------+----------+-------------------------------------------
     0 | D:1      | qw the Gargoyle Fighter began the quest for the Orb.
     0 | D:1      | Reached XP level 1. HP: 14/14 MP: 1/1
     0 | D:1      | 0 ||| qw: Version: 0.1-a-102-g441f92d
     0 | D:1      | 0 ||| qw: Game counter: 5301
     0 | D:1      | 0 ||| qw: Always use a shield: true
     0 | D:1      | 0 ||| qw: God list: Okawaru
     0 | D:1      | 0 ||| qw: Allow faded altars: false
     0 | D:1      | 0 ||| qw: Do Orc after D:15 true
     0 | D:1      | 0 ||| qw: Do second Lair branch before Depths: true
     0 | D:1      | 0 ||| qw: Lair rune preference: random
     0 | D:1      | 0 ||| qw: Plans: Normal
     0 | D:1      | 0 ||| PLANNING D:1-11
    33 | D:1      | Found a faded altar of an unknown god.
    75 | D:1      | Reached skill level 2 in Axes
   445 | D:1      | 445 ||| Stepping ~*~*~tactically~*~*~ (hiding).
   447 | D:1      | 447 ||| Stepping ~*~*~tactically~*~*~ (hiding).
   457 | D:1      | Reached XP level 2. HP: 15/19 MP: 2/2
   948 | D:1      | 948 ||| UPGRADING to +0 pair of gloves.
   953 | D:1      | 953 ||| READING 2 scrolls labelled TANGOI HIUMP.
   954 | D:1      | 954 ||| READING 3 scrolls labelled RIMYEH MADD.
   959 | D:1      | 959 ||| READING scroll labelled SESHOXZENAST.
   960 | D:1      | 960 ||| READING scroll labelled ZUTWIZ JEIZI.
   961 | D:1      | 961 ||| DROPPING scroll of noise.
  1346 | D:2      | Found Uvouwn's Magic Scroll Shoppe.
  1354 | D:2      | 1354 ||| BUYING scroll of enchant weapon (82 gold).
  1354 | D:2      | Bought a scroll of enchant weapon for 82 gold pieces
  1354 | D:2      | 1354 ||| SHOPLISTING scroll of enchant weapon (82 gold,
                  | have 36).
  1354 | D:2      | 1354 ||| READING scroll of enchant weapon.
  1354 | D:2      | 1354 ||| ENCHANTING +0 war axe.
  1363 | D:2      | Reached skill level 3 in Axes
  1363 | D:2      | 1363 ||| FLEEEEING.
  1364 | D:2      | 1364 ||| FLEEEEING.
  1365 | D:2      | 1365 ||| FLEEEEING.
  1366 | D:2      | 1366 ||| FLEEEEING.
  1367 | D:2      | 1367 ||| FLEEEEING.
  1368 | D:2      | 1368 ||| FLEEEEING.
  1369 | D:2      | 1369 ||| FLEEEEING.
  1370 | D:2      | 1370 ||| FLEEEEING.
  1372 | D:2      | 1372 ||| FLEEEEING.
  1373 | D:2      | 1373 ||| FLEEEEING.
  1374 | D:2      | 1374 ||| FLEEEEING.
  1375 | D:2      | 1375 ||| FLEEEEING.
  1376 | D:2      | 1376 ||| FLEEEEING.
  1377 | D:2      | 1377 ||| FLEEEEING.
  1378 | D:2      | 1378 ||| FLEEEEING.
  1379 | D:2      | 1379 ||| FLEEEEING.
  1380 | D:2      | 1380 ||| FLEEEEING.
  1381 | D:2      | 1381 ||| FLEEEEING.
  1382 | D:2      | 1382 ||| FLEEEEING.
  1383 | D:2      | 1383 ||| FLEEEEING.
  1384 | D:2      | 1384 ||| FLEEEEING.
  1385 | D:2      | 1385 ||| FLEEEEING.
  1386 | D:2      | 1386 ||| FLEEEEING.
  1387 | D:2      | 1387 ||| FLEEEEING.
  1388 | D:2      | 1388 ||| FLEEEEING.
  1389 | D:2      | 1389 ||| FLEEEEING.
  1390 | D:2      | 1390 ||| FLEEEEING.
  1391 | D:2      | 1391 ||| FLEEEEING.
  1396 | D:2      | 1396 ||| FLEEEEING.
  1397 | D:2      | 1397 ||| FLEEEEING.
  1399 | D:2      | 1399 ||| STAIRDANCE
  1428 | D:1      | 1428 ||| DRINKING 2 fuming grey potions.
  1483 | D:2      | Reached XP level 3. HP: 23/23 MP: 3/3
  1557 | D:2      | Found Jyreik's General Store.
  1565 | D:2      | 1565 ||| BUYING scroll of identify (22 gold).
  1565 | D:2      | Bought a scroll of identify for 22 gold pieces
  1565 | D:2      | 1565 ||| SHOPLISTING scroll of teleportation (33 gold, have
                  | 14).
  1611 | D:2      | 1611 ||| Stepping ~*~*~tactically~*~*~ (hiding).
  2070 | D:2      | 2070 ||| UPGRADING to +0 cloak.
  2075 | D:2      | 2075 ||| READING scroll labelled VEXOEMN PAUNYU.
  2076 | D:2      | 2076 ||| DRINKING 2 pink potions.
  2136 | D:3      | 2136 ||| Stepping ~*~*~tactically~*~*~ (stealth).
  2137 | D:3      | 2137 ||| Stepping ~*~*~tactically~*~*~ (stealth).
  2138 | D:3      | 2138 ||| Stepping ~*~*~tactically~*~*~ (stealth).
  2139 | D:3      | 2139 ||| Stepping ~*~*~tactically~*~*~ (stealth).
  2140 | D:3      | 2140 ||| Stepping ~*~*~tactically~*~*~ (stealth).
  2443 | D:3      | Reached XP level 4. HP: 28/28 MP: 4/4
  2531 | D:3      | 2531 ||| Stepping ~*~*~tactically~*~*~ (stealth).
  2699 | D:3      | 2699 ||| Stepping ~*~*~tactically~*~*~ (stealth).
  2864 | D:3      | 2864 ||| READING scroll labelled CUIKHL NUMIY.
  2865 | D:3      | 2865 ||| READING scroll labelled DIOKEN KEMO.
  2866 | D:3      | 2866 ||| READING 2 scrolls of identify.
  2866 | D:3      | 2866 ||| IDENTIFYING bubbling silvery potion
  2867 | D:3      | 2867 ||| DROPPING potion of magic.
  2872 | D:4      | 2872 ||| PLANNING SEWER
  2879 | D:4      | 2879 ||| STAIRDANCE
  2944 | D:4      | Found a transporter.
  2946 | D:4      | Noticed a gnoll sergeant
  2950 | D:4      | Noticed qw's ghost (amateur BaCK)
  2955 | D:4      | Found a transporter.
  2980 | D:4      | Reached skill level 4 in Axes
  3482 | D:4      | Noticed a lemure
  3482 | D:4      | Noticed a lemure
  3482 | D:4      | Noticed a lemure
  3485 | D:4      | Noticed Pikel
  3486 | D:4      | Noticed a lemure
  3488 | D:4      | 3488 ||| Stepping ~*~*~tactically~*~*~ (stealth).
  3494 | D:4      | HP: 4/28 [Pikel/+2 whip of freezing (6)]
  3494 | D:4      | Slain by a lemure

Levels and vault maps discovered:
D:1:      dpeg_arrival_short_road, layout_basic, serial_forest,
          infiniplex_forest_lined_2, infiniplex_forest_clump_diagonal,
          infiniplex_forest_lined_3, infiniplex_forest_corner_2,
          infiniplex_forest_lined_2, infiniplex_forest_lined_ring,
          infiniplex_forest_corner_1, infiniplex_forest_straight_1,
          infiniplex_forest_end_double,
          hellmonk_ecumenical_altar_pennies_from_heaven, nrook_campfire
D:2:      layout_basic, serial_curves, eino_curves_01, eino_curves_02,
          eino_curves_02, serial_shops, shop, nicolae_shop_stone
D:3:      layout_loops_ring, roderic_nine_men_s_morris, minmay_misc_feat_plants,
          minmay_misc_feat_alley
D:4:      layout_layer_cave, gup_sewer_entry_spiral,
          gammafunk_ghost_gnarly_gnolls, chequers_serial_rivers_marsh,
          nicolae_zen_rock_garden, dreamdust_mushroom_princess,
          uniq_blork_the_orc, uniq_pikel

Skill      XL: |  1  2  3  4 |
---------------+-------------+-----
Axes           | 2 3 4 |  4.3
Fighting       | |  3.2
Armour         | |  3.2
Shields        | |  3.2

Action                   |  1- 3 |  4- 6 || total
-------------------------+-------+-------++-------
Melee: War axe           |   122 |    45 ||   167
  Use: Scroll            |     6 |     3 ||     9
       Potion            |     2 |       ||     2
Armor: Scale mail        |    55 |    24 ||    79
Dodge: Dodged            |    40 |    21 ||    61
Block: Buckler           |    30 |    11 ||    41

Table legend:
 A = Non-vault XP
 B = Vault XP
 C = Vault XP percentage of total XP
 D = Non-vault monster count
 E = Vault monster count
 F = Vault count percentage of total count
                 A         B        C        D         E       F
            +---------+---------+-------+---------+---------+-------
      Total |     138 |       0 |   0.0 |      56 |       0 |   0.0
            +---------+---------+-------+---------+---------+-------
        D:1 |      20 |       0 |   0.0 |      11 |       0 |   0.0
        D:2 |      29 |       0 |   0.0 |      16 |       0 |   0.0
        D:3 |      44 |       0 |   0.0 |      24 |       0 |   0.0
        D:4 |      45 |       0 |   0.0 |       5 |       0 |   0.0
            +---------+---------+-------+---------+---------+-------
